 Dungeon Crawl Stone Soup version 0.24-a0-769-g368c164 (webtiles) character file.

Game seed: 1515947551625082574, levelgen mode: deterministic

4123 2tousent the Grappler (level 10, -9/69 (71) HPs)
             Began as a Grey Draconian Transmuter on Oct 4, 2019.
             Was an Elder of Jiyva.
             Mangled by a two-headed ogre
             ... wielding a +0 giant spiked club
              (29 damage)
             ... on level 9 of the Dungeon.
             The game lasted 00:28:32 (9180 turns).

2tousent the Grappler (Grey Draconian Transmuter)   Turns: 9180, Time: 00:28:33

HP:   -9/69 (71)    AC:  2    Str: 14    XL:     10   Next: 6%
MP:   15/18         EV: 19    Int: 17    God:    Jiyva [****..]
Gold: 262           SH:  0    Dex: 15    Spells: 7/20 levels left

rFire    . . .     SeeInvis .     - Unarmed
rCold    . . .     Gourm    .   (shield currently unavailable)
rNeg     . . .     Faith    .   (armour unavailable)
rPois    x         Spirit   .   (helmet currently unavailable)
rElec    .         Reflect  .   (cloak currently unavailable)
rCorr    +         Harm     .   (gloves currently unavailable)
MR       .....     Clarity  +   (boots currently unavailable)
Stlth    +.........             (no amulet)
HPRegen  0.21/turn              (no ring)
MPRegen  0.16/turn              (no ring)

@: spider-form
A: tiny, (walk through water), unfitting armour, clarity, AC +12
a: End Transformation, Request Jelly, Slimify, Renounce Religion


You were on level 9 of the Dungeon.
You worshipped Jiyva.
Jiyva was greatly pleased with you.
You were not hungry.
You were a venomous arachnid creature.
You visited 2 branches of the dungeon, and saw 10 of its levels.

You collected 262 gold pieces.

Inventory:

Missiles
 a - 140 arrows
Armour
 j - a +0 pair of gloves (melded)
 o - a +0 cloak (melded)
Wands
 n - a wand of acid (7)
 s - a wand of digging (8)
 v - a wand of paralysis (7)
Scrolls
 d - 4 scrolls of teleportation {unknown}
 h - 3 scrolls of noise {unknown}
 l - a scroll of fog {unknown}
 q - a scroll of fear {unknown}
 r - 3 scrolls of identify {unknown}
 t - a scroll of blinking {unknown}
 u - a scroll of magic mapping {unknown}
 w - 2 scrolls of enchant weapon {unknown}
 x - 2 scrolls of remove curse {unknown}
 y - a scroll of random uselessness {unknown}
 z - a scroll of immolation {unknown}
 A - a scroll of acquirement {unknown}
Potions
 b - 2 potions of mutation {unknown}
 e - a potion of resistance {unknown}
 f - 5 potions of curing {unknown}
 g - a potion of heal wounds {unknown}
 i - 5 potions of agility {unknown}
 k - 2 potions of cancellation {unknown}
 m - 2 potions of haste {unknown}
 p - a potion of might {unknown}
 B - a potion of degeneration {unknown}
 C - a potion of lignification {unknown}
Comestibles
 c - 11 rations


   Skills:
 * Level 1.1 Fighting
 - Level 1.7 Dodging
 * Level 9.1 Unarmed Combat
 + Level 5.8 Spellcasting
 + Level 8.9 Transmutations
 - Level 4.0 Ice Magic
 - Level 3.0 Poison Magic


You had 7 spell levels left.
You knew the following spells:

 Your Spells              Type           Power        Failure   Level  Hunger
a - Beastly Appendage     Tmut           #####.       3%          1    None
b - Spider Form           Tmut/Pois      ####......   11%         3    ##.....
c - Ice Form              Ice/Tmut       ####....     22%         4    ####...
d - Blade Hands           Tmut           #####.....   24%         5    ######.

Your spell library contained the following spells:

 Spells                   Type           Power        Failure   Level  Hunger
 Sticks to Snakes         Tmut           #####...     3%          2    #......
 Magic Dart               Conj           #...         30%         1    None
 Blink                    Tloc           N/A          41%         2    #......
 Call Imp                 Summ           #.......     41%         2    #......
 Slow                     Hex            #.......     41%         2    #......
 Mephitic Cloud           Conj/Pois/Air  #.......     47%         3    ##.....
 Conjure Flame            Conj/Fire      #.......     58%         3    ##.....


Dungeon Overview and Level Annotations

Branches:
Dungeon (9/15)             Temple (1/1) D:5
   Lair: D:8-11         Orc: D:9-12

Altars:
Ashenzari
Cheibriados
Dithmenos
Elyvilon
Fedhas
Gozag
Hepliaklqana
Kikubaaqudgha
Nemelex Xobeh
Okawaru
Qazlal
Ru
Sif Muna
Trog
Uskayaw
Vehumet
Wu Jian
Xom
Yredelemnul
Zin
The Shining One
Jiyva

Shops:
D:4 (


Innate Abilities, Weirdness & Mutations

((You can walk through water.))
((Your dull iron-grey scales are very hard. (AC +12)))
You cannot fit into any form of body armour.
((You can survive without breathing.))
((You are cold-blooded and may be slowed by cold attacks.))
You possess an exceptional clarity of mind.


Message History

c - 11 rations (gained 1)
A two-headed ogre comes into view.
It is wielding a +0 giant spiked club and a +0 giant club.
The two-headed ogre shouts in stereo!
Found an escape hatch in the ceiling.
Casting: Blade Hands (slightly dangerous; 10% risk of failure)
Confirm with . or Enter, or press ? or * to list all spells.
You turn into a venomous arachnid creature.
Your +0 cloak melds into your body.
Your +0 pair of gloves melds into your body.
The two-headed ogre hits you with a +0 giant spiked club!!
The two-headed ogre hits you with a +0 giant club!!
* * * LOW HITPOINT WARNING * * *
Found 10 stones.
A hippogriff comes into view.
The hippogriff screeches!
You see here 10 gold pieces.
Okay, then.
The two-headed ogre misses you.
The two-headed ogre hits you with a +0 giant club!!
You die...

...# #..####.... #..#
#......... #..#
#........ #..#
#....... #..# #......
#..###+###. ...
####..>....... #H#
....<....##.#.##.#
#####....##.##.Os#..#
#....##.#....[..#
#..........#<#..#
#†....#.##.#....#
#.....#.#(...#..#
#.....#.#.....[.#
##.##.#.#.#####.#
#.##.#.#. .. .....#.#


You could see a two-headed ogre and a hippogriff.

Vanquished Creatures
  Pikel (D:8)
  A centaur zombie (D:8)
  Psyche (D:8)
  Prince Ribbit (D:8)
  2 hippogriffs
  A spriggan (D:8)
  A necrophage (D:6)
  2 slaves
  2 orc warriors
  2 phantoms (D:7)
  2 ice beasts (D:6)
  3 ogres
  3 sky beasts
  2 centaurs
  2 gnoll sergeants
  5 bullfrogs
  A scorpion (D:5)
  3 crimson imps
  2 quasits
  Crazy Yiuf (D:2)
  A jelly (D:4)
  2 orc priests
  A hound (D:2)
  3 iguanas
  7 worker ants
  A killer bee zombie (D:8)
  18 gnolls
  7 adders
  A shadow imp (D:4)
  An adder zombie (D:7)
  An adder skeleton (D:5)
  3 worms
  3 dart slugs
  2 leopard geckos (D:1)
  21 orcs
  3 giant cockroaches
  12 goblins
  6 hobgoblins
  7 jackals
  6 quokkas
  6 bats
  6 frilled lizards
  4 kobolds
  4 rats
164 creatures vanquished.

Vanquished Creatures (others)
  A slave (D:8)
  A bullfrog (D:6)
  15 jellies
  3 howler monkeys (D:7)
  2 crimson imps
  A leopard gecko (D:5)
  2 orcs
  A leopard gecko zombie (D:8)
26 creatures vanquished.

Grand Total: 190 creatures vanquished

Notes
Turn   | Place    | Note
-------+----------+-------------------------------------------
     0 | D:1      | 2tousent the Draconian Transmuter began the quest for the
                  | Orb.
     0 | D:1      | Reached XP level 1. HP: 16/16 MP: 3/3
   231 | D:1      | Reached XP level 2. HP: 20/23 MP: 5/5
   693 | D:1      | Reached XP level 3. HP: 28/28 MP: 6/6
   698 | D:1      | Learned a level 3 spell: Spider Form
   911 | D:2      | Reached skill level 1 in Poison Magic
  1071 | D:2      | Reached XP level 4. HP: 22/35 MP: 3/7
  1109 | D:2      | Reached skill level 4 in Unarmed Combat
  1149 | D:2      | Reached XP level 5. HP: 12/40 MP: 2/8
  1391 | D:2      | Learned a level 4 spell: Ice Form
  1436 | D:2      | Found a sparkling altar of Nemelex Xobeh.
  1516 | D:2      | Found a shimmering blue altar of Sif Muna.
  1548 | D:2      | Found an iron altar of Okawaru.
  1687 | D:2      | Found a runed translucent door.
  1688 | D:2      | Noticed Crazy Yiuf
  1701 | D:2      | Killed Crazy Yiuf
  2302 | D:3      | Found a white marble altar of Elyvilon.
  2426 | D:3      | Found a shattered altar of Ashenzari.
  2456 | D:3      | Reached skill level 1 in Ice Magic
  2821 | D:4      | Found a blossoming altar of Fedhas.
  2877 | D:4      | Found a sacrificial altar of Ru.
  2908 | D:4      | Noticed an ogre
  2919 | D:4      | Killed an ogre
  2919 | D:4      | Reached XP level 6. HP: 47/47 MP: 4/10
  3269 | D:4      | Found a glowing golden altar of the Shining One.
  3464 | D:4      | Found Duqunainel's Weapon Shoppe.
  3708 | D:5      | Entered Level 5 of the Dungeon
  3758 | D:5      | Found a sacrificial altar of Ru.
  4275 | D:5      | Your scales start taking on a dull iron-grey colour.
  4275 | D:5      | Reached XP level 7. HP: 10/52 MP: 7/11
  4275 | D:5      | Gained mutation: You can survive without breathing. [Grey
                  | Draconian growth]
  4589 | D:5      | Reached skill level 5 in Unarmed Combat
  4792 | D:5      | Found a staircase to the Ecumenical Temple.
  4827 | Temple   | Entered the Ecumenical Temple
  4876 | Temple   | Became a worshipper of Jiyva Jeot the Shapeless
  4928 | D:5      | Found an ornate altar of the Wu Jian Council.
  5271 | D:6      | Reached skill level 5 in Transmutations
  5288 | D:5      | HP: 2/52 [poisoned by a gnoll sergeant]
  5295 | D:5      | HP: 1/52 [poisoned by a gnoll sergeant]
  5303 | D:5      | HP: 1/52 [poisoned by a gnoll sergeant]
  5717 | D:6      | Reached XP level 8. HP: 21/59 MP: 9/13
  6010 | D:6      | Reached * piety under Jiyva
  6038 | D:6      | Reached skill level 6 in Unarmed Combat
  6125 | D:6      | Reached ** piety under Jiyva
  6317 | D:6      | Found a bloodstained altar of Trog.
  6318 | D:6      | Found a radiant altar of Vehumet.
  6687 | D:7      | Reached *** piety under Jiyva
  6758 | D:7      | Learned a level 5 spell: Blade Hands
  6823 | D:7      | Noticed a hippogriff
  6826 | D:7      | Reached skill level 7 in Unarmed Combat
  7125 | D:7      | Found a glowing silver altar of Zin.
  7140 | D:7      | Reached XP level 9. HP: 6/62 MP: 7/15
  7882 | D:8      | Reached skill level 5 in Spellcasting
  7892 | D:8      | Noticed Pikel
  7899 | D:8      | Noticed Psyche
  8134 | D:8      | Reached skill level 8 in Unarmed Combat
  8472 | D:8      | Killed Pikel
  8636 | D:8      | Killed Psyche
  8729 | D:8      | Gained mutation: You possess an exceptional clarity of
                  | mind. [Jiyva's grace]
  8732 | D:8      | Reached **** piety under Jiyva
  8808 | D:8      | Noticed Prince Ribbit
  8815 | D:8      | Killed Prince Ribbit
  8870 | D:8      | Reached skill level 9 in Unarmed Combat
  8870 | D:8      | Reached XP level 10. HP: 44/69 MP: 16/18
  8883 | D:8      | Found a hazy altar of Hepliaklqana.
  9175 | D:9      | Noticed a two-headed ogre
  9180 | D:9      | Mangled by a two-headed ogre

Levels and vault maps discovered:
D:1:      ebering_trefoil_3fold, layout_loops_ring
D:2:      layout_loops_ring, lemuel_crystal_altar, led_sif_pool,
          lemuel_coloured_pillars_altar, minmay_octomino_c4,
          uniq_crazy_yiuf_cottage
D:3:      layout_loops_ring, nicolae_overflow_crystal_walls, first_ration,
          evilmike_ruin_ashenzari
D:4:      layout_basic, fedhas_altar_3, old_standard_altar, tso_oasis_becter,
          serial_shops, shop
D:5:      layout_basic, lemuel_round_altar, minmay_temple_entry_grid,
          basic_altar, minmay_misc_feat_roman
D:6:      layout_basic, gammafunk_temple_overflow_statue,
          minmay_misc_feat_nine_boxes
D:7:      layout_basic, nicolae_overflow_hidden_temple
D:8:      layout_basic, kennysheep_mini_moat, the_bakery, uniq_pikel,
          uniq_prince_ribbit1, uniq_psyche
D:9:      kennysheep_orc_sif_temple, layout_basic, kennysheep_little_box,
          nicolae_lava_and_water, uniq_grum
Temple:   pf_slimified_temple

Skill      XL: |  1  2  3  4  5  6  7  8  9 |
---------------+----------------------------+-----
Poison Magic   | 1 2 3 |  3.0
Transmutations | 3 4 5 6 8 |  8.9
Unarmed Combat | 4 5 7 9 |  9.1
Ice Magic      | 1 2 3 4 |  4.0
Spellcasting   | 3 4 5 |  5.8
Fighting       | |  1.1
Dodging        | |  1.7

Action                   |  1- 3 |  4- 6 |  7- 9 | 10-12 || total
-------------------------+-------+-------+-------+-------++-------
Melee: Unarmed           |   141 |   188 |   302 |     8 ||   639
       Tailslap          |    16 |     6 |    13 |     1 ||    36
       Headbutt          |     5 |     1 |     2 |       ||     8
       Punch             |       |     4 |     1 |       ||     5
 Cast: Beastly Appendage |     3 |     5 |     3 |       ||    11
       Spider Form       |     2 |    15 |    27 |     1 ||    45
       Blade Hands       |       |       |     5 |       ||     5
       Ice Form          |       |       |     1 |       ||     1
Invok: Request Jelly     |       |       |     1 |       ||     1
Evoke: Wand              |       |     1 |       |       ||     1
 Stab: Sleeping          |       |     1 |     1 |       ||     2
       Paralysed         |       |     5 |       |       ||     5
  Eat: Chunk             |     1 |     9 |     9 |       ||    19
       Ration            |       |     1 |     2 |       ||     3
Armor: Skin              |    31 |    31 |    79 |     1 ||   142
Dodge: Dodged            |    92 |   132 |   214 |     4 ||   442

Table legend:
 A = Non-vault XP
 B = Vault XP
 C = Vault XP percentage of total XP
 D = Non-vault monster count
 E = Vault monster count
 F = Vault count percentage of total count
                 A         B        C        D         E       F
            +---------+---------+-------+---------+---------+-------
      Total |    4559 |    1332 |  22.6 |     152 |      11 |   6.7
            +---------+---------+-------+---------+---------+-------
        D:1 |      42 |       0 |   0.0 |      20 |       0 |   0.0
        D:2 |     161 |      64 |  28.4 |      24 |       7 |  22.6
        D:3 |      49 |       0 |   0.0 |      14 |       0 |   0.0
        D:4 |     258 |       0 |   0.0 |      17 |       0 |   0.0
        D:5 |     592 |       0 |   0.0 |      24 |       0 |   0.0
        D:6 |     919 |       0 |   0.0 |      15 |       0 |   0.0
        D:7 |    1124 |       0 |   0.0 |      21 |       0 |   0.0
        D:8 |    1379 |    1268 |  47.9 |      16 |       4 |  20.0
        D:9 |      35 |       0 |   0.0 |       1 |       0 |   0.0
            +---------+---------+-------+---------+---------+-------
